[Event "Titled Tuesday Blitz August 08 Late 2023"]
[White "Moral Garcia, Serafin"]
[Black "Delorme, Axel"]
[WhiteFideId "2201925"]
[BlackFideId "632023"]
[WhiteElo "2574"]
[BlackElo "2496"]
[Result "1-0"]
[Round "10"]
[TimeControl "180+1"]
[Date "2023.08.08"]
[WhiteClock "0:01:17"]
[BlackClock "0:00:18"]
[Board "35"]

1. e4 c5 2. Nf3 d6 3. d4 cxd4 4. Nxd4 Nf6 5. Nc3 a6 6. Be3 e5 7. Nf3 Qc7 8. a4 b6 9. Nd5 Nxd5 10. Qxd5 Bb7 11. Qb3 Nd7 12. Bc4 Nc5 13. Bxc5 bxc5 14. Ng5 h6 15. Nxf7 Rh7 16. Bd5 Rb8 17. Bxb7 Rxb7 18. Qe6+ Be7 19. O-O-O Rb6 20. Nxd6+ Rxd6 21. Rxd6 Qxd6 22. Qg8+ Bf8 23. Qxh7 c4 24. Rd1 Qc6 25. Qf5 Qc7 26. Qe6+ Be7 27. c3 a5 28. Rd5 1-0


[Site "https://www.chess.com"]

[Event "Titled Tuesday Blitz August 08 Late 2023"]
[White "Sebag, Marie"]
[Black "Graif, William"]
[WhiteFideId "617822"]
[BlackFideId "2609835"]
[WhiteElo "2508"]
[BlackElo "2570"]
[Result "1-0"]
[Round "10"]
[TimeControl "180+1"]
[Date "2023.08.08"]
[WhiteClock "0:00:06"]
[BlackClock "0:00:00"]
[Board "36"]

1. d4 Nf6 2. c4 e6 3. Nc3 Bb4 4. e3 O-O 5. Bd3 d5 6. Ne2 c5 7. O-O dxc4 8. Bxc4 Nc6 9. a3 Bxc3 10. bxc3 b6 11. Bd3 e5 12. Rb1 Re8 13. Ng3 cxd4 14. cxd4 exd4 15. Bb5 Bd7 16. exd4 Nd5 17. Bb2 Rc8 18. Qf3 Nce7 19. Bd3 Bc6 20. Qh5 Nf6 21. Qh4 Ng6 22. Qg5 Qd5 23. Qxd5 Bxd5 24. Rfc1 Nf4 25. Bf1 g6 26. Rxc8 Rxc8 27. Bc1 Ne6 28. Be3 Rc3 29. Ra1 Ng4 30. Bd2 Rc2 31. Be1 Ra2 32. Rxa2 Bxa2 33. Bc3 Nf6 34. f3 Nd5 35. Bb2 Kf8 36. Kf2 Ke7 37. Ne4 f5 38. Nd2 Kd6 39. Be2 a5 40. g3 Kc6 41. Nc4 Bxc4 42. Bxc4 b5 43. Bb3 a4 44. Ba2 Nec7 45. Ke2 b4 46. axb4 Nxb4 47. Bc4 Nb5 48. Kd2 Nd6 49. Bg8 Nd5 50. Bxh7 Ne7 51. Ba3 Nc4+ 52. Kc3 Nxa3 53. Kb4 Nc2+ 54. Kxa4 Nxd4 55. h4 Nxf3 56. Kb4 Kd6 57. Kc4 Ke6 58. Kd3 Kf6 59. Ke3 Ne5 60. Kf4 1-0


[Site "https://www.chess.com"]

[Event "Titled Tuesday Blitz August 08 Late 2023"]
[White "brm72"]
[Black "Prithu Gupta"]
[BlackFideId "46618546"]
[WhiteElo "2545"]
[BlackElo "2486"]
[Result "0-1"]
[Round "10"]
[TimeControl "180+1"]
[Date "2023.08.08"]
[WhiteClock "0:00:10"]
[BlackClock "0:00:36"]
[Board "37"]

1. e4 e5 2. Nf3 Nc6 3. d4 exd4 4. Nxd4 Bc5 5. Nb3 Bb6 6. Qe2 d6 7. Nc3 Nge7 8. Be3 Be6 9. O-O-O Qd7 10. g3 O-O-O 11. Bg2 f5 12. Bxb6 axb6 13. Rhe1 Rde8 14. Kb1 Rhf8 15. f4 fxe4 16. Qxe4 Bg4 17. Qa4 Kb8 18. Rc1 d5 19. Nb5 Bh3 20. Bh1 Nc8 21. Qa3 Rxe1 22. Rxe1 Re8 23. Rxe8 Qxe8 24. Bxd5 Qe1+ 25. Nc1 Nb4 26. Bg8 Bf5 27. Bb3 c6 28. Nd4 Nd6 29. Nxf5 Ne4 30. Qxb4 Qxb4 31. c3 Qf8 32. Nd4 c5 33. Ne6 Qf5 34. Nxg7 Nd2+ 35. Ka1 Qb1# 0-1


[Site "https://www.chess.com"]

[Event "Titled Tuesday Blitz August 08 Late 2023"]
[White "szachmistrz2500"]
[Black "Harshavardhan G B"]
[BlackFideId "25059009"]
[WhiteElo "2491"]
[BlackElo "2808"]
[Result "0-1"]
[Round "10"]
[TimeControl "180+1"]
[Date "2023.08.08"]
[WhiteClock "0:00:00"]
[BlackClock "0:00:10"]
[Board "38"]

1. d4 Nf6 2. Nf3 g6 3. c4 Bg7 4. Nc3 O-O 5. e4 d6 6. Be2 Nbd7 7. O-O e5 8. Re1 c6 9. Bf1 Qe7 10. Bg5 h6 11. Bh4 g5 12. Bg3 Nh5 13. dxe5 Nxg3 14. exd6 Qe6 15. hxg3 Ne5 16. Nxe5 Bxe5 17. c5 b6 18. Qa4 Bd7 19. Bc4 Qf6 20. Qa3 Bd4 21. Re2 Bxc5 22. e5 Qf5 23. b4 Bd4 24. Rae1 b5 25. g4 Qg6 26. e6 bxc4 27. exd7 Qxd6 28. Ne4 Qxd7 29. Rd2 Rad8 30. Nf6+ Bxf6 31. Rxd7 Rxd7 32. Qf3 Kg7 33. Qxc6 Rd4 34. Rc1 c3 35. b5 Rd3 36. a4 Rfd8 37. a5 R8d6 38. Qc7 Rd7 39. Qc4 R3d4 40. Qb3 Rd3 41. g3 Rc7 42. b6 axb6 43. Qxb6 Rcd7 44. a6 Rd1+ 45. Rxd1 Rxd1+ 46. Kg2 c2 47. a7 c1=Q 48. a8=Q Qc4 49. Qf3 Qf1+ 50. Kh2 Bd4 51. Qbb7 Bf6 52. Qbc6 Bd4 53. Qb7 Qxf2+ 54. Qxf2 Bxf2 55. Qb2+ Bd4 56. Qf2 Bxf2 0-1


[Site "https://www.chess.com"]

[Event "Titled Tuesday Blitz August 08 Late 2023"]
[White "Aradhya, Garg"]
[Black "Bettalli, Francesco"]
[WhiteFideId "25006746"]
[BlackFideId "2816453"]
[WhiteElo "2726"]
[BlackElo "2537"]
[Result "1-0"]
[Round "10"]
[TimeControl "180+1"]
[Date "2023.08.08"]
[WhiteClock "0:01:48"]
[BlackClock "0:00:19"]
[Board "39"]

1. d4 Nf6 2. c4 d6 3. Nf3 g6 4. g3 Bg7 5. Bg2 O-O 6. Nc3 Nc6 7. O-O e5 8. dxe5 dxe5 9. Bg5 Be6 10. Qa4 Qc8 11. Nd2 Nd7 12. Bxc6 bxc6 13. Qxc6 Rb8 14. b3 Rb6 15. Qg2 f5 16. Nd5 Bxd5 17. Qxd5+ Kh8 18. c5 Rb5 19. Rac1 c6 20. Qd6 h6 21. Be7 Rf7 22. Nf3 g5 23. Rfd1 Rb7 24. Qe6 Kg8 25. Bd6 e4 26. Ne5 Bxe5 27. Bxe5 Qf8 28. Qg6+ 1-0


[Site "https://www.chess.com"]

[Event "Titled Tuesday Blitz August 08 Late 2023"]
[White "Akobian, Varuzhan"]
[Black "Ansh M Shah"]
[WhiteFideId "13300580"]
[BlackFideId "25033379"]
[WhiteElo "2717"]
[BlackElo "2526"]
[Result "1-0"]
[Round "10"]
[TimeControl "180+1"]
[Date "2023.08.08"]
[WhiteClock "0:00:08"]
[BlackClock "0:00:02"]
[Board "40"]

1. d4 Nf6 2. c4 e6 3. Nc3 c5 4. d5 exd5 5. cxd5 d6 6. Nf3 g6 7. h3 Bg7 8. e4 O-O 9. Bd3 Re8 10. O-O b5 11. Bxb5 Bd7 12. Bd3 c4 13. Bc2 Na6 14. Re1 Nc5 15. Bf4 Bc8 16. Nd4 Bb7 17. Qd2 a6 18. Rad1 Rc8 19. f3 Nh5 20. Be3 Be5 21. Na4 Qf6 22. Ne2 Nxa4 23. Bxa4 Red8 24. Bd4 Rc5 25. Bxe5 dxe5 26. Rc1 Rdc8 27. Rc3 Qb6 28. Kh2 a5 29. Rec1 Ba6 30. Bc6 Qd8 31. Qe3 Qd6 32. b3 Bb5 33. Bxb5 Rxb5 34. Rxc4 Rxc4 35. Rxc4 Kg7 36. Qc3 Qf6 37. Rc5 Rxc5 38. Qxc5 Qg5 39. Qc1 Qh4 40. g3 Qd8 41. Qc3 Qd7 42. Qxe5+ Kg8 43. g4 Ng7 44. Nd4 Qa7 45. Kg2 h5 46. g5 Kh7 47. d6 h4 48. Qd5 Nh5 49. Kf1 Nf4 50. Qe5 Qa6+ 51. Nb5 Qc6 52. Qxf4 Qxb5+ 53. Kf2 Qc5+ 54. Ke2 Qb5+ 55. Kd2 Qb4+ 56. Kc2 Qc5+ 57. Kd3 Qb5+ 58. Kd4 Qb4+ 59. Ke5 Qc5+ 60. Kf6 Qd4+ 61. Qe5 Qa7 62. Qe7 Qd4+ 63. Kxf7 Qf2 64. Kf8+ Kh8 65. Qg7# 1-0


[Site "https://www.chess.com"]

[Event "Titled Tuesday Blitz August 08 Late 2023"]
[White "Fiorito, Joaquin"]
[Black "ATM622"]
[WhiteFideId "180173"]
[WhiteElo "2685"]
[BlackElo "2522"]
[Result "0-1"]
[Round "10"]
[TimeControl "180+1"]
[Date "2023.08.08"]
[WhiteClock "0:00:06"]
[BlackClock "0:00:18"]
[Board "41"]

1. d4 Nf6 2. c4 e6 3. Nc3 Bb4 4. e3 b6 5. Ne2 Bb7 6. a3 Bxc3+ 7. Nxc3 O-O 8. Bd3 Bxg2 9. Rg1 Bb7 10. e4 d6 11. Bh6 Ne8 12. e5 Qh4 13. Bg5 Qxh2 14. Qg4 dxe5 15. O-O-O exd4 16. Bf6 g6 17. Bxd4 c5 18. Be3 f5 19. Qg5 Nd7 20. Bf4 Qxf2 21. Rd2 Qd4 22. Be4 fxe4 23. Rxd4 cxd4 24. Nb5 d3 25. Nd4 Rc8 26. Nxe6 Rxc4+ 27. Kb1 Rf7 28. Nd8 Rc5 29. Qg4 Ndf6 30. Qe6 Bd5 31. Qe5 Ba2+ 32. Kxa2 Rxe5 33. Nxf7 Kxf7 34. Bxe5 e3 35. Bf4 Nd5 36. Bh6 Ke6 37. Bxe3 Nxe3 38. Re1 Kf5 39. Rxe3 Nf6 40. Rxd3 g5 41. Kb3 g4 42. Kc2 h5 43. Kd2 Kf4 44. Ke2 h4 45. Rd4+ Kg3 46. Rd3+ Kg2 47. Rd6 Ne4 48. Rd4 Ng3+ 49. Kd3 Kf3 50. Rd8 h3 51. Rh8 Kg2 52. b4 h2 53. Ke3 h1=Q 54. Rxh1 Nxh1 55. a4 g3 56. a5 bxa5 57. bxa5 Kh2 58. Kd4 g2 59. Kc5 g1=Q+ 60. Kb5 Qg6 61. Kc5 Qa6 62. Kb4 Nf2 63. Ka4 Ne4 64. Kb4 Nd6 0-1


[Site "https://www.chess.com"]

[Event "Titled Tuesday Blitz August 08 Late 2023"]
[White "Domingo Nunez, Alejandro"]
[Black "Weetik, Vjacheslav"]
[WhiteFideId "22245561"]
[BlackFideId "4153472"]
[WhiteElo "2519"]
[BlackElo "2652"]
[Result "0-1"]
[Round "10"]
[TimeControl "180+1"]
[Date "2023.08.08"]
[WhiteClock "0:00:00"]
[BlackClock "0:00:07"]
[Board "42"]

1. Nf3 Nf6 2. g3 g6 3. b3 Bg7 4. Bb2 O-O 5. Bg2 d5 6. c4 e6 7. O-O c5 8. cxd5 exd5 9. d4 Ne4 10. Qc1 cxd4 11. Nxd4 Qb6 12. e3 Bd7 13. Nd2 Rc8 14. Qd1 Nf6 15. N2f3 Na6 16. Ne5 Be8 17. Nd3 Ne4 18. Nf4 Nc7 19. Rc1 Qd6 20. Qe2 a6 21. Rfd1 Qe7 22. Qd3 Nf6 23. Rc2 Nb5 24. Rdc1 Rxc2 25. Qxc2 Nxd4 26. Bxd4 Bc6 27. Qb2 Rd8 28. Rd1 g5 29. Nd3 Ne8 30. Bxg7 Nxg7 31. Ne5 Qf6 32. f4 Nf5 33. Qe2 Nd6 34. Bxd5 Nb5 0-1


[Site "https://www.chess.com"]

[Event "Titled Tuesday Blitz August 08 Late 2023"]
[White "Garakov, Mikhael"]
[Black "Ambartsumova, Karina"]
[WhiteFideId "4169034"]
[BlackFideId "4166299"]
[WhiteElo "2493"]
[BlackElo "2584"]
[Result "0-1"]
[Round "10"]
[TimeControl "180+1"]
[Date "2023.08.08"]
[WhiteClock "0:00:05"]
[BlackClock "0:00:06"]
[Board "44"]

1. e4 e5 2. Nf3 Nc6 3. d4 exd4 4. Nxd4 Bc5 5. Be3 Qf6 6. Nb5 Bxe3 7. fxe3 Qh4+ 8. g3 Qxe4 9. Nxc7+ Kd8 10. Nxa8 Qxh1 11. Qd6 Nge7 12. Nd2 Qd5 13. Qc7+ Ke8 14. Nc4 Kf8 15. Rd1 Qc5 16. c3 g6 17. b4 Qg5 18. a4 Kg7 19. b5 Nd8 20. h4 Qf6 21. Nd6 Ne6 22. Qc4 Nf5 23. Nxf5+ Qxf5 24. Rd5 Qf3 25. Be2 Qxe3 26. Rd3 Qg1+ 27. Kd2 d5 28. Qxd5 Rd8 29. Qe5+ f6 30. Qb8 Rxd3+ 31. Bxd3 Qf2+ 32. Be2 Bd7 33. Qxb7 Nc5 34. Qd5 Be6 35. Qd8 Ne4+ 36. Kd3 Nc5+ 37. Kd2 Ne4+ 38. Kd3 Qf5 39. Qc7+ Bf7 40. Qf4 Nc5+ 41. Kd2 Nb3+ 42. Ke3 Qc5+ 43. Kf3 Bd5+ 44. Kg4 Be6+ 45. Kf3 Bd5+ 46. Kg4 Bxa8 47. Kh3 Qc8+ 48. Kh2 Qb7 49. Kh3 Nc5 50. Bc4 Ne4 51. Qf3 Ng5+ 52. hxg5 Qxf3 0-1


[Site "https://www.chess.com"]

[Event "Titled Tuesday Blitz August 08 Late 2023"]
[White "Sadilek, Peter"]
[Black "Krishnan, Varun"]
[WhiteFideId "1616439"]
[BlackFideId "5054508"]
[WhiteElo "2488"]
[BlackElo "2579"]
[Result "1-0"]
[Round "10"]
[TimeControl "180+1"]
[Date "2023.08.08"]
[WhiteClock "0:00:59"]
[BlackClock "0:01:30"]
[Board "45"]

1. d4 a6 2. e4 e6 3. Nf3 d5 4. Nbd2 dxe4 5. Nxe4 Nf6 6. Nxf6+ gxf6 7. Be3 Nc6 8. g3 e5 9. Bg2 Be6 10. O-O Qd7 11. dxe5 fxe5 12. Qxd7+ Bxd7 13. Rfe1 O-O-O 14. Bg5 Re8 15. Bf6 Rg8 16. Nxe5 Nxe5 17. Bxe5 Bc5 18. Bf4 Rxe1+ 19. Rxe1 Re8 20. Rxe8+ Bxe8 21. Be4 h5 22. Bf5+ Bd7 23. Bxd7+ Kxd7 24. Kg2 b5 25. Kf3 Bd4 26. b3 c5 27. Be3 Bxe3 28. Kxe3 Ke6 29. Ke4 a5 30. c4 bxc4 31. bxc4 f5+ 32. Kf4 Kf6 33. h4 a4 34. a3 Ke6 35. Kg5 Ke5 36. Kxh5 Kd4 37. Kg6 Kxc4 38. h5 Kb3 39. h6 c4 40. h7 c3 41. h8=Q c2 42. Qa1 1-0


[Site "https://www.chess.com"]

[Event "Titled Tuesday Blitz August 08 Late 2023"]
[White "Cheer_Down"]
[Black "Chen, Max"]
[BlackFideId "2622440"]
[WhiteElo "2487"]
[BlackElo "2578"]
[Result "1-0"]
[Round "10"]
[TimeControl "180+1"]
[Date "2023.08.08"]
[WhiteClock "0:00:17"]
[BlackClock "0:00:00"]
[Board "46"]

1. e4 e5 2. Nf3 Nc6 3. Bc4 h6 4. d4 exd4 5. Nxd4 d6 6. O-O Nf6 7. Nc3 g6 8. Nxc6 bxc6 9. e5 Nd7 10. Re1 dxe5 11. Qf3 Qf6 12. Bf4 Bg7 13. Bxe5 Nxe5 14. Rxe5+ Kf8 15. Rae1 Bf5 16. Re7 Be6 17. Qxc6 Rd8 18. Rxc7 Bxc4 19. Qxc4 Kg8 20. Nd5 1-0


[Site "https://www.chess.com"]

[Event "Titled Tuesday Blitz August 08 Late 2023"]
[White "Kubatko, Ivan"]
[Black "Veiga, Jose Francisco R P Neves"]
[WhiteFideId "24111473"]
[BlackFideId "1930087"]
[WhiteElo "2468"]
[BlackElo "2576"]
[Result "1-0"]
[Round "10"]
[TimeControl "180+1"]
[Date "2023.08.08"]
[WhiteClock "0:00:56"]
[BlackClock "0:02:31"]
[Board "47"]

1. e4 g6 2. d4 Bg7 3. Nc3 d6 4. f4 Na6 5. Nf3 c5 6. dxc5 Nxc5 7. Be3 b6 8. Bb5+ Bd7 9. a4 Nf6 10. e5 dxe5 11. Bxc5 bxc5 12. Nxe5 Bxb5 13. Qxd8+ Rxd8 14. axb5 O-O 15. Rxa7 e6 16. b6 Nh5 17. Nc6 Rd6 18. Ne7+ Kh8 19. b7 Rb6 20. Na4 Rb4 21. Nc6 Re4+ 22. Kd1 Nxf4 23. Ra8 1-0


[Site "https://www.chess.com"]

[Event "Titled Tuesday Blitz August 08 Late 2023"]
[White "Vovk, Orest"]
[Black "Deng, Henry"]
[WhiteFideId "14113490"]
[BlackFideId "30965454"]
[WhiteElo "2479"]
[BlackElo "2574"]
[Result "0-1"]
[Round "10"]
[TimeControl "180+1"]
[Date "2023.08.08"]
[WhiteClock "0:00:00"]
[BlackClock "0:00:39"]
[Board "48"]

1. g4 d5 2. h3 h5 3. g5 e5 4. Bg2 c6 5. d4 Bd6 6. c4 dxc4 7. dxe5 Bxe5 8. Qxd8+ Kxd8 9. Nf3 Bd6 10. Nbd2 b5 11. Nd4 a6 12. Nxc6+ Kc7 13. Nxb8 Rxb8 14. O-O h4 15. a4 Ne7 16. axb5 axb5 17. Ne4 Be5 18. Ra7+ Rb7 19. Ra8 Nc6 20. Nc5 Rb8 21. Rxb8 Nxb8 22. b3 Nd7 23. Nxd7 Bxd7 24. bxc4 bxc4 25. Bd2 Be6 26. Ba5+ Kc8 27. e3 g6 28. f4 Bc7 29. Bc3 Rd8 30. Ra1 Bb6 31. Bf6 Rd3 32. Ra8+ Kd7 33. Kf2 Bxe3+ 34. Ke2 Bb6 35. Rb8 Bc7 36. Rb7 Kc8 37. Ra7 Rc3 38. Ra8+ Kd7 39. Ra2 Rb3 40. Rd2+ Kc8 41. Rc2 Rg3 42. Be4 Rxh3 43. Rc1 Rh2+ 44. Ke3 Rh3+ 45. Kf2 Bxf4 46. Ra1 Rh2+ 47. Kf3 Bb8 48. Ra8 Rh3+ 49. Ke2 Rb3 50. Kd2 h3 51. Kc2 h2 52. Ra1 Re3 53. Bc6 Bf5+ 0-1


[Site "https://www.chess.com"]

[Event "Titled Tuesday Blitz August 08 Late 2023"]
[White "Przybylski, Wojciech"]
[Black "Omariev, Maksim"]
[WhiteFideId "1117599"]
[BlackFideId "4193423"]
[WhiteElo "2567"]
[BlackElo "2464"]
[Result "1-0"]
[Round "10"]
[TimeControl "180+1"]
[Date "2023.08.08"]
[WhiteClock "0:00:04"]
[BlackClock "0:00:03"]
[Board "49"]

1. e4 c5 2. Nf3 d6 3. Bc4 e6 4. d3 a6 5. a4 Nc6 6. O-O Nf6 7. Nc3 Be7 8. Re1 O-O 9. Bd2 b6 10. h3 Bb7 11. Bb3 Re8 12. Ne2 b5 13. c3 Qc7 14. Ng3 Rad8 15. axb5 axb5 16. d4 Na5 17. Bc2 Nc4 18. Bc1 cxd4 19. cxd4 d5 20. e5 Ne4 21. Nxe4 dxe4 22. Bxe4 Bb4 23. Re2 Bxe4 24. Rxe4 Rd5 25. Qc2 Qd8 26. Rh4 g6 27. b3 Nb6 28. Bg5 Be7 29. Bxe7 Qxe7 30. Qc6 Rb8 31. Rf4 Rd7 32. Ra6 Nd5 33. Re4 Nb4 34. Qc1 Nxa6 35. Qh6 Qf8 36. Qg5 Nb4 37. Rh4 Nd5 38. Qd2 Rc8 39. Ng5 h6 40. Ne4 g5 41. Rg4 Qg7 42. h4 Kf8 43. hxg5 h5 44. Rh4 Qg6 45. Ng3 Rc3 46. Nxh5 Rxb3 47. Nf6 Ke7 48. Rh8 Rd8 49. Rh6 Qf5 50. Rh4 Rb1+ 51. Kh2 Qxf2 52. Qxf2 b4 53. Nxd5+ Rxd5 54. Rh7 Kd7 55. Qxf7+ Kc6 56. Qb7# 1-0


[Site "https://www.chess.com"]

[Event "Titled Tuesday Blitz August 08 Late 2023"]
[White "Hajiyev, Kanan"]
[Black "Pinto, Daniel"]
[WhiteFideId "13404148"]
[BlackFideId "3303144"]
[WhiteElo "2556"]
[BlackElo "2432"]
[Result "0-1"]
[Round "10"]
[TimeControl "180+1"]
[Date "2023.08.08"]
[WhiteClock "0:01:24"]
[BlackClock "0:00:05"]
[Board "50"]

1. d4 Nf6 2. c4 c5 3. Nf3 cxd4 4. Nxd4 Nc6 5. Nc2 g6 6. Nc3 Bg7 7. e4 d6 8. b3 O-O 9. Be2 Qa5 10. Bd2 Qd8 11. O-O Be6 12. Rc1 a5 13. Re1 Rc8 14. Bf1 h5 15. Nd5 Bd7 16. Be3 Nxd5 17. exd5 Nb4 18. Nxb4 axb4 19. Qd2 Qa5 20. a4 Bc3 21. Qe2 Bxe1 22. Rxe1 e5 23. dxe6 fxe6 24. Bh6 Rf7 25. Qd3 Kh7 26. Be3 d5 27. Rd1 dxc4 28. bxc4 Bxa4 29. Ra1 b3 30. Bd2 Qa6 31. Bc3 Qc6 32. Qd4 b5 33. cxb5 Qxc3 34. Qxa4 b2 35. Rb1 Qc2 36. Qa2 Qxf2+ 37. Kh1 Qxf1+ 38. Rxf1 Rxf1# 0-1


[Site "https://www.chess.com"]

[Event "Titled Tuesday Blitz August 08 Late 2023"]
[White "Mendez Fortes, Eduardo Jesus"]
[Black "littlepinkyboy"]
[WhiteFideId "3502376"]
[WhiteElo "2552"]
[BlackElo "2433"]
[Result "1-0"]
[Round "10"]
[TimeControl "180+1"]
[Date "2023.08.08"]
[WhiteClock "0:02:25"]
[BlackClock "0:02:22"]
[Board "51"]

1. e4 c5 2. Nf3 Nc6 3. d4 cxd4 4. Nxd4 Nf6 5. Nc3 e5 6. Ndb5 d6 7. Bg5 a6 8. Na3 b5 9. Nd5 Be7 10. Bxf6 Bxf6 11. c4 b4 12. Nc2 a5 13. Qf3 Bg5 14. h4 Bxh4 15. Rxh4 Qxh4 16. Nc7+ Ke7 17. Nxa8 Bb7 18. Nb6 f5 19. Qxf5 1-0


[Site "https://www.chess.com"]

[Event "Titled Tuesday Blitz August 08 Late 2023"]
[White "Muhammad Shahzeb"]
[Black "reevecanada"]
[WhiteFideId "7804806"]
[WhiteElo "2405"]
[BlackElo "2548"]
[Result "0-1"]
[Round "10"]
[TimeControl "180+1"]
[Date "2023.08.08"]
[WhiteClock "0:00:00"]
[BlackClock "0:01:13"]
[Board "52"]

1. e4 c5 2. Nc3 d6 3. f4 Nc6 4. Nf3 g6 5. Bb5 Bg7 6. Bxc6+ bxc6 7. d3 d5 8. O-O e6 9. Qe1 Ne7 10. f5 gxf5 11. Qg3 Kf8 12. Bf4 Ng6 13. Bd6+ Kg8 14. exf5 exf5 15. Bxc5 f4 16. Qf2 h6 17. Bd4 Bg4 18. Bxg7 Kxg7 19. Nd4 Qf6 20. h3 Bd7 21. Nb3 Rhg8 22. Nc5 Bc8 23. Kh1 Kh7 24. Rae1 Qg5 25. Re2 Rb8 26. b3 a5 27. a4 Rg7 28. d4 Bf5 29. Rfe1 Rbg8 30. Rg1 Nh4 31. Rd2 Qg3 32. Qxg3 Rxg3 33. Ne2 Rxg2 34. Rxg2 Rxg2 0-1


[Site "https://www.chess.com"]

[Event "Titled Tuesday Blitz August 08 Late 2023"]
[White "Dwilewicz, Katarzyna"]
[Black "Papayan, Oleg"]
[WhiteFideId "1148486"]
[BlackFideId "4193911"]
[WhiteElo "2396"]
[BlackElo "2542"]
[Result "1-0"]
[Round "10"]
[TimeControl "180+1"]
[Date "2023.08.08"]
[WhiteClock "0:00:14"]
[BlackClock "0:00:23"]
[Board "53"]

1. e4 d5 2. exd5 Qxd5 3. Nf3 Qd8 4. d4 c6 5. Nc3 Bf5 6. Bc4 e6 7. Bf4 Nf6 8. Qd2 Bb4 9. Bd3 Bxd3 10. Qxd3 Nbd7 11. O-O-O Qa5 12. Bd2 Bxc3 13. Bxc3 Qxa2 14. b3 Nd5 15. Bb2 Nb4 16. Qc3 Qa5 17. Kd2 O-O-O 18. Ra1 Qb6 19. Qc4 Nf6 20. Ke2 Nbd5 21. g3 a6 22. Ne5 Rhf8 23. Ba3 Ne4 24. Bxf8 Rxf8 25. Qd3 f6 26. Nc4 Qc7 27. f3 Nec3+ 28. Kf2 g6 29. Ne3 e5 30. Nxd5 Nxd5 31. Rhe1 Rd8 32. dxe5 fxe5 33. Qe4 Qb6+ 34. Kg2 Re8 35. c4 Nf6 36. Qe3 Qc7 37. b4 e4 38. fxe4 Rxe4 39. Qf3 Qe5 40. Rxe4 Nxe4 41. Re1 Qb2+ 42. Re2 Qxb4 43. Qxe4 a5 44. Qe8+ Kc7 45. Qe7+ Qxe7 46. Rxe7+ Kb6 47. c5+ Kxc5 48. Rxb7 a4 49. Rxh7 a3 50. Ra7 Kb4 51. Kf3 c5 52. Ke3 c4 53. Kd2 Kb3 54. Rb7+ Ka2 55. Kc3 g5 56. Kxc4 g4 57. Kd4 Ka1 58. Ra7 a2 59. Rxa2+ Kxa2 60. Ke4 Kb3 61. Kf4 Kc4 62. Kxg4 Kc5 63. Kf5 Kd6 64. Kf6 Kd7 65. Kf7 Kd6 66. g4 Kc7 67. g5 Kd6 68. g6 Ke5 69. g7 Kf5 70. g8=Q Kf4 71. Qg6 Kf3 72. Kf6 Kf4 73. Qg5+ Kf3 74. h4 Kf2 75. h5 Kf1 76. h6 Kf2 77. h7 Kf1 78. h8=Q Kf2 79. Qh2+ Kf1 80. Qc1# 1-0


[Site "https://www.chess.com"]

[Event "Titled Tuesday Blitz August 08 Late 2023"]
[White "The_Straightforward_Rook"]
[Black "Kozusek, Daniel"]
[BlackFideId "349500"]
[WhiteElo "2310"]
[BlackElo "2538"]
[Result "0-1"]
[Round "10"]
[TimeControl "180+1"]
[Date "2023.08.08"]
[WhiteClock "0:00:12"]
[BlackClock "0:00:04"]
[Board "54"]

1. d4 d5 2. Nf3 Nf6 3. c4 e6 4. cxd5 exd5 5. Nc3 c6 6. Qc2 g6 7. Bg5 Be7 8. e3 Bf5 9. Bd3 Bxd3 10. Qxd3 Nbd7 11. Bh6 Ng4 12. Bf4 O-O 13. h4 h5 14. g3 Re8 15. O-O Nf8 16. Ne5 Nxe5 17. Bxe5 Bd6 18. Bxd6 Qxd6 19. Ne2 Nd7 20. Nf4 a5 21. b3 a4 22. Rab1 axb3 23. axb3 Ra2 24. b4 b5 25. Qb3 Rea8 26. Nd3 Nb6 27. Rb2 R8a3 28. Qxa2 Rxa2 29. Rxa2 Nc4 30. Nc5 Kg7 31. Ra7 Qf6 32. Nd3 Qf5 33. Nf4 Nd2 34. Rfa1 Nf3+ 35. Kf1 Nd2+ 36. Kg1 Nf3+ 37. Kf1 Qc2 38. Ne6+ Kf6 39. Ng5 Nxg5 40. hxg5+ Kxg5 41. Rxf7 Qc4+ 42. Kg1 Qxb4 43. Ra6 Qb1+ 44. Kh2 Qc2 45. Kg1 b4 46. Rc7 b3 47. Rcxc6 b2 48. Rxc2 b1=Q+ 49. Kg2 Qxc2 50. Re6 Kh6 51. Re5 Qc6 52. Kf3 Qf6+ 53. Kg2 Qf7 54. Kf1 Qd7 55. Kg2 g5 56. Kf1 h4 57. gxh4 gxh4 58. Kg2 Qg4+ 59. Kh2 h3 0-1


[Site "https://www.chess.com"]

[Event "Titled Tuesday Blitz August 08 Late 2023"]
[White "Lopez Idarraga, Daniel Eduardo"]
[Black "Annaberdiyev, Meylis"]
[WhiteFideId "4405501"]
[BlackFideId "14000563"]
[WhiteElo "2351"]
[BlackElo "2662"]
[Result "0-1"]
[Round "10"]
[TimeControl "180+1"]
[Date "2023.08.08"]
[WhiteClock "0:02:16"]
[BlackClock "0:02:41"]
[Board "55"]

1. d4 Nf6 2. c4 c5 3. d5 b5 4. cxb5 a6 5. bxa6 Bxa6 6. Nc3 g6 7. e4 Bxf1 8. Kxf1 d6 9. g3 Bg7 10. Kg2 O-O 11. Nf3 Nbd7 12. Re1 Qb6 13. Qc2 Rfb8 14. Rb1 Ng4 15. h3 Nge5 16. Nxe5 Nxe5 17. b3 Qa6 18. Be3 Nd3 19. Re2 Nb4 20. Qd2 Bxc3 21. Qxc3 Qxe2 0-1


[Site "https://www.chess.com"]

[Event "Titled Tuesday Blitz August 08 Late 2023"]
[White "Goltsev, Dmitry"]
[Black "Perske, Thore"]
[WhiteFideId "24176710"]
[BlackFideId "12902195"]
[WhiteElo "2616"]
[BlackElo "2529"]
[Result "1-0"]
[Round "10"]
[TimeControl "180+1"]
[Date "2023.08.08"]
[WhiteClock "0:01:38"]
[BlackClock "0:00:25"]
[Board "56"]

1. e4 e6 2. d4 d5 3. exd5 exd5 4. Nf3 Nc6 5. c4 Bb4+ 6. Nc3 Nf6 7. Bd3 dxc4 8. Bxc4 O-O 9. O-O Bg4 10. Bg5 h6 11. Bh4 a6 12. h3 Bh5 13. Qd3 Bxf3 14. Qxf3 Qxd4 15. Bxf6 Qxf6 16. Qxf6 gxf6 17. Nd5 Bd6 18. Nxf6+ Kg7 19. Nh5+ Kg6 20. g4 Ne5 21. Bb3 Nf3+ 22. Kh1 f5 23. Bc2 Kg5 24. Ng7 Nd4 25. Bxf5 Rf7 26. Rad1 Rxg7 27. Rxd4 Re7 28. Bd3 Rae8 29. Rd5+ Kf6 30. Kg2 Re5 31. Rxe5 Rxe5 32. f4 Rc5 33. h4 a5 34. g5+ Kg7 35. f5 hxg5 36. hxg5 Rd5 37. f6+ Kg8 38. Bc4 1-0


[Site "https://www.chess.com"]

[Event "Titled Tuesday Blitz August 08 Late 2023"]
[White "Golubev, Mikhail"]
[Black "Chor, Kevin"]
[WhiteFideId "14100983"]
[BlackFideId "2090740"]
[WhiteElo "2606"]
[BlackElo "2513"]
[Result "1-0"]
[Round "10"]
[TimeControl "180+1"]
[Date "2023.08.08"]
[WhiteClock "0:00:06"]
[BlackClock "0:00:01"]
[Board "57"]

1. e4 c5 2. Nf3 Nc6 3. Nc3 g6 4. d4 cxd4 5. Nxd4 Bg7 6. Be3 Nf6 7. Bc4 O-O 8. Bb3 d5 9. exd5 Na5 10. Qf3 Bg4 11. Qg3 Nxb3 12. axb3 Bh5 13. d6 Ng4 14. h3 Be5 15. f4 Bxd4 16. hxg4 Bxe3 17. Qxe3 exd6 18. Qf3 Re8+ 19. Kf1 Bxg4 20. Qxg4 Qf6 21. Rh3 d5 22. Rd1 d4 23. Nd5 Qa6+ 24. Kg1 Rad8 25. Qg5 Rd6 26. Ne7+ Kf8 27. Rxh7 Rxe7 28. Rh8+ Kg7 29. Qxe7 Kxh8 30. Qf8+ Kh7 31. Qxf7+ Kh6 32. Kf2 Kh5 33. Rh1+ Kg4 34. g3 Rf6 35. Rh4+ Kf5 36. Qd5# 1-0


[Site "https://www.chess.com"]

[Event "Titled Tuesday Blitz August 08 Late 2023"]
[White "Dragomirescu, Robin-Alexandru"]
[Black "Erzhanov, Arman"]
[WhiteFideId "1213849"]
[BlackFideId "4138821"]
[WhiteElo "2506"]
[BlackElo "2593"]
[Result "0-1"]
[Round "10"]
[TimeControl "180+1"]
[Date "2023.08.08"]
[WhiteClock "0:02:33"]
[BlackClock "0:02:27"]
[Board "58"]

1. b3 c5 2. Bb2 Nc6 3. e4 Nf6 4. Nc3 g6 5. Bb5 Bg7 6. Bxc6 dxc6 7. Qe2 O-O 8. O-O-O b5 9. e5 Nd5 10. Ne4 a5 11. Nxc5 a4 12. d4 axb3 13. axb3 b4 14. Qc4 Ra2 15. g3 Qa5 16. Rd3 Bf5 17. Ne2 Bxd3 18. Nxd3 Ra1+ 19. Bxa1 Qxa1+ 20. Kd2 Qxh1 21. Qxc6 0-1


[Site "https://www.chess.com"]